TOP OF THE 1ST |
Waba Ducks batting - Pitching for Indiana Hounds : RHP Rob Hill
|
Pitching: RHP Rob Hill
|
|
Batting: LHB Javier Orozco
|
0-0: Ball 1-0: Swinging Strike 1-1: Called Strike 1-2: Ball 2-2: Ground out 4-3 (Groundball, 4D)
|
Batting: RHB Kelly Graham
|
0-0: Called Strike 0-1: Ball 1-1: Ball 2-1: Fly out, F9 (Flyball, 9LSF)
|
Batting: RHB Mario López
|
0-0: Ball 1-0: Called Strike 1-1: Ground out 5-3 (Groundball, 56S)
|
Top of the 1st over - 0 run(s), 0 hit(s), 0 error(s), 0 left on base; Waba 0 - Indiana 0 |
BOTTOM OF THE 1ST |
Indiana Hounds batting - Pitching for Waba Ducks : RHP Li-cong Sima
|
Pitching: RHP Li-cong Sima
|
|
Batting: LHB David Cháves
|
0-0: SINGLE (Flyball, 9LS)
|
Batting: SHB Charles Alexander
|
0-0: Ball 1-0: Foul Ball, location: 2F 1-1: Ball 2-1: Ground out 5-3 (Groundball, 5S) David Cháves to second
|
Batting: RHB Danny Walker
|
0-0: Ball 1-0: Ball 2-0: Foul Ball, location: 2F 2-1: Ball 3-1: Base on Balls
|
Batting: LHB Ramón Benítez
|
0-0: Called Strike 0-1: Ball 1-1: Called Strike David Cháves is caught stealing 3rd base Danny Walker to second 1-2: Strikes out swinging
|
Bottom of the 1st over - 0 run(s), 1 hit(s), 0 error(s), 1 left on base; Waba 0 - Indiana 0 |
TOP OF THE 2ND |
Waba Ducks batting - Pitching for Indiana Hounds : RHP Rob Hill
|
Batting: RHB Chris Osborn
|
0-0: SINGLE (Groundball, 4MD)
|
Batting: RHB Paul Spencer
|
0-0: Grounds into double play, 5-4-3 (Groundball, 56)
|
Batting: RHB Jeremy Flemming
|
0-0: Foul Ball, location: 2F 0-1: Ball 1-1: Ball 2-1: Foul Ball, location: 2F 2-2: Ground out 3-1 (Groundball, 34)
|
Top of the 2nd over - 0 run(s), 1 hit(s), 0 error(s), 0 left on base; Waba 0 - Indiana 0 |
BOTTOM OF THE 2ND |
Indiana Hounds batting - Pitching for Waba Ducks : RHP Li-cong Sima
|
Batting: LHB Dave Helásquez
|
0-0: Foul Ball, location: 2F 0-1: Ball 1-1: Called Strike 1-2: Foul Ball, location: 2F 1-2: Foul Ball, location: 2F 1-2: Fly out, F9 (Flyball, 89XD)
|
Batting: RHB Domingo Romero
|
0-0: Called Strike 0-1: Ground out 4-3 (Groundball, 4)
|
Batting: LHB Denny Poole
|
0-0: Ball 1-0: Called Strike 1-1: Ball 2-1: Foul Ball, location: 2F 2-2: Strikes out swinging
|
Bottom of the 2nd over - 0 run(s), 0 hit(s), 0 error(s), 0 left on base; Waba 0 - Indiana 0 |
TOP OF THE 3RD |
Waba Ducks batting - Pitching for Indiana Hounds : RHP Rob Hill
|
Batting: RHB Roberto Pagán
|
0-0: Swinging Strike 0-1: Swinging Strike 0-2: Foul Ball, location: 2F 0-2: Ball 1-2: Strikes out swinging, 2-3 out at first.
|
Batting: RHB Ángelo García
|
0-0: Ground out 5-3 (Groundball, 56)
|
Batting: RHB Shaun Puckett
|
0-0: Called Strike 0-1: Ball 1-1: Ball 2-1: Called Strike 2-2: Fly out, F7 (Flyball, 7S)
|
Top of the 3rd over - 0 run(s), 0 hit(s), 0 error(s), 0 left on base; Waba 0 - Indiana 0 |
BOTTOM OF THE 3RD |
Indiana Hounds batting - Pitching for Waba Ducks : RHP Li-cong Sima
|
Batting: RHB Howard Daniel
|
0-0: Ball 1-0: Ball 2-0: Called Strike 2-1: Ground out 4-3 (Groundball, 4S)
|
Batting: RHB Doug Murray
|
0-0: Fly out, F4 (Popup, 3D)
|
Batting: LHB David Cháves
|
0-0: Ball 1-0: Ball 2-0: Swinging Strike 2-1: Ball 3-1: Called Strike 3-2: Base on Balls
|
Batting: SHB Charles Alexander
|
0-0: Ball David Cháves is caught stealing 2nd base
|
Bottom of the 3rd over - 0 run(s), 0 hit(s), 0 error(s), 0 left on base; Waba 0 - Indiana 0 |
TOP OF THE 4TH |
Waba Ducks batting - Pitching for Indiana Hounds : RHP Rob Hill
|
Batting: LHB Javier Orozco
|
0-0: Called Strike 0-1: Ball 1-1: Foul Ball, location: 2F 1-2: Ball 2-2: Strikes out swinging
|
Batting: RHB Kelly Graham
|
0-0: Ball 1-0: Foul Ball, location: 2F 1-1: Ball 2-1: Foul Ball, location: 2F 2-2: Ball 3-2: SOLO HOME RUN (Flyball, 7D), Distance : 358 ft
|
Batting: RHB Mario López
|
0-0: SINGLE (Line Drive, 7S)
|
Batting: RHB Chris Osborn
|
0-0: Called Strike 0-1: Swinging Strike 0-2: Ball 1-2: Ball 2-2: Foul Ball, location: 2F 2-2: Ball 3-2: Foul Ball, location: 2F 3-2: Fly out, F8 (Flyball, 89S)
|
Batting: RHB Paul Spencer
|
0-0: Foul Ball, location: 2F 0-1: Ball 1-1: Called Strike 1-2: Ball 2-2: Ball 3-2: Base on Balls Mario López to second
|
Batting: RHB Jeremy Flemming
|
0-0: Called Strike 0-1: Swinging Strike 0-2: Strikes out swinging
|
Top of the 4th over - 1 run(s), 2 hit(s), 0 error(s), 2 left on base; Waba 1 - Indiana 0 |
BOTTOM OF THE 4TH |
Indiana Hounds batting - Pitching for Waba Ducks : RHP Li-cong Sima
|
Batting: SHB Charles Alexander
|
0-0: Ball 1-0: Fly out, F8 (Line Drive, 8LD)
|
Batting: RHB Danny Walker
|
0-0: Swinging Strike 0-1: Ball 1-1: Ball 2-1: Fly out, F8 (Flyball, 8RS)
|
Batting: LHB Ramón Benítez
|
0-0: Ball 1-0: Ball 2-0: Called Strike 2-1: Called Strike 2-2: Ball 3-2: Fly out, F9 (Line Drive, 9LM)
|
Bottom of the 4th over - 0 run(s), 0 hit(s), 0 error(s), 0 left on base; Waba 1 - Indiana 0 |
TOP OF THE 5TH |
Waba Ducks batting - Pitching for Indiana Hounds : RHP Rob Hill
|
Batting: RHB Roberto Pagán
|
0-0: Fly out, F8 (Flyball, 8RM)
|
Batting: RHB Ángelo García
|
0-0: Ball 1-0: Called Strike 1-1: Ground out 4-3 (Groundball, 4)
|
Batting: RHB Shaun Puckett
|
0-0: Ball 1-0: Foul Ball, location: 2F 1-1: Ball 2-1: SINGLE (Line Drive, 89S)
|
Batting: LHB Javier Orozco
|
0-0: SINGLE (Groundball, 4MD) Shaun Puckett to second Runner from 2nd tries for 3rd, SAFE, throw made to third Javier Orozco to second
|
Batting: RHB Kelly Graham
|
0-0: Ball 1-0: Ball 2-0: Foul Ball, location: 2F 2-1: Fly out, F8 (Flyball, 78M)
|
Top of the 5th over - 0 run(s), 2 hit(s), 0 error(s), 2 left on base; Waba 1 - Indiana 0 |
BOTTOM OF THE 5TH |
Indiana Hounds batting - Pitching for Waba Ducks : RHP Li-cong Sima
|
Batting: LHB Dave Helásquez
|
0-0: Ball 1-0: SINGLE (Groundball, 34D)
|
Batting: RHB Domingo Romero
|
0-0: Ball 1-0: Ball 2-0: 2-RUN HOME RUN (Flyball, 78XD), Distance : 381 ft
|
Batting: LHB Denny Poole
|
0-0: Called Strike 0-1: Ball 1-1: Swinging Strike 1-2: Foul Ball, location: 2F 1-2: Strikes out swinging
|
Batting: RHB Howard Daniel
|
0-0: Hit by Pitch
|
Batting: RHB Doug Murray
|
0-0: Ball 1-0: Called Strike 1-1: Ball 2-1: Ball 3-1: Fly out, F9 (Flyball, 9)
|
Batting: LHB David Cháves
|
0-0: Called Strike 0-1: Foul Ball, location: 2F 0-2: Ball 1-2: Ball 2-2: Foul Ball, location: 2F 2-2: Strikes out swinging
|
Bottom of the 5th over - 2 run(s), 2 hit(s), 0 error(s), 1 left on base; Waba 1 - Indiana 2 |
TOP OF THE 6TH |
Waba Ducks batting - Pitching for Indiana Hounds : RHP Rob Hill
|
Batting: RHB Mario López
|
0-0: Swinging Strike 0-1: Ball 1-1: Foul Ball, location: 2F 1-2: Ball 2-2: Foul Ball, location: 2F 2-2: Ball 3-2: SOLO HOME RUN (Flyball, 89XD), Distance : 405 ft
|
Batting: RHB Chris Osborn
|
0-0: Foul Ball, location: 2F 0-1: Ball 1-1: Ball 2-1: Foul Ball, location: 2F 2-2: Foul Ball, location: 2F 2-2: Strikes out swinging
|
Pitching: RHP Rob Fields
|
|
Batting: RHB Paul Spencer
|
0-0: Ball 1-0: Called Strike 1-1: Ground out 6-3 (Groundball, 6)
|
Batting: RHB Jeremy Flemming
|
0-0: Ball 1-0: Called Strike 1-1: Ball 2-1: Swinging Strike 2-2: Strikes out swinging
|
Top of the 6th over - 1 run(s), 1 hit(s), 0 error(s), 0 left on base; Waba 2 - Indiana 2 |
BOTTOM OF THE 6TH |
Indiana Hounds batting - Pitching for Waba Ducks : RHP Li-cong Sima
|
Batting: SHB Charles Alexander
|
0-0: Called Strike 0-1: Called Strike 0-2: Ball 1-2: Ball 2-2: Foul Ball, location: 2F 2-2: SINGLE (Line Drive, 5D)
|
Batting: RHB Danny Walker
|
0-0: Ball 1-0: Called Strike 1-1: Ball 2-1: Foul Ball, location: 2F 2-2: Ball 3-2: SINGLE (Groundball, 3D) Charles Alexander to second Runner from 2nd tries for 3rd, SAFE, throw made to third
|
Batting: LHB Ramón Benítez
|
0-0: Called Strike 0-1: Ball 1-1: Ball 2-1: Swinging Strike 2-2: Fly out, F9 (Line Drive, 89XD) Runner from 3rd tags up, SCORES, no throw
|
Batting: LHB Dave Helásquez
|
0-0: Ball 1-0: Foul Ball, location: 2F 1-1: Ball 2-1: SINGLE (Groundball, 34S) (infield hit) Danny Walker to second
|
Batting: RHB Domingo Romero
|
0-0: DOUBLE (Flyball, 78XD) Danny Walker scores Dave Helásquez to third Runner from 3rd tries for Home, SAFE, throw made home
|
Batting: LHB Denny Poole
|
0-0: Intentional Walk
|
Batting: RHB Howard Daniel
|
0-0: Called Strike 0-1: Called Strike 0-2: Ball 1-2: Strikes out swinging
|
Pitching: RHP José Rivera
|
|
Batting: RHB Doug Murray
|
0-0: Called Strike 0-1: Ball 1-1: Ball 2-1: Called Strike 2-2: Strikes out swinging
|
Bottom of the 6th over - 3 run(s), 4 hit(s), 0 error(s), 2 left on base; Waba 2 - Indiana 5 |
TOP OF THE 7TH |
Waba Ducks batting - Pitching for Indiana Hounds : RHP Rob Fields
|
Batting: RHB Roberto Pagán
|
0-0: Called Strike 0-1: Called Strike 0-2: Strikes out swinging
|
Batting: RHB Ángelo García
|
0-0: Ball 1-0: Ball 2-0: SOLO HOME RUN (Flyball, 7LD), Distance : 331 ft
|
Batting: RHB Shaun Puckett
|
0-0: Called Strike 0-1: Swinging Strike 0-2: Ball 1-2: Ball 2-2: Strikes out looking
|
Batting: LHB Javier Orozco
|
0-0: Called Strike 0-1: Foul Ball, location: 2F 0-2: Ball 1-2: Ball 2-2: SINGLE (Line Drive, 4MD)
|
Batting: RHB Kelly Graham
|
0-0: Called Strike 0-1: Ball 1-1: Fly out, F8 (Line Drive, 78M)
|
Top of the 7th over - 1 run(s), 2 hit(s), 0 error(s), 1 left on base; Waba 3 - Indiana 5 |
BOTTOM OF THE 7TH |
Indiana Hounds batting - Pitching for Waba Ducks : RHP José Rivera
|
Batting: LHB David Cháves
|
0-0: Called Strike 0-1: SINGLE (Groundball, 34D)
|
Batting: SHB Charles Alexander
|
0-0: Ball 1-0: Ball 2-0: Ball 3-0: Base on Balls David Cháves to second
|
Batting: RHB Danny Walker
|
0-0: Ball 1-0: Ball 2-0: Ball 3-0: Called Strike 3-1: Called Strike 3-2: Strikes out swinging
|
Pitching: RHP Stan Stewart
|
|
Pinch Hitting: RHB Paco Castillo
|
0-0: Ball David Cháves steals 3rd base Charles Alexander to second 1-0: Ball 2-0: Foul Ball, location: 2F 2-1: Ball 3-1: Fly out, F6 (Popup, 6D)
|
Batting: LHB Dave Helásquez
|
0-0: Ball 1-0: Called Strike 1-1: Fly out, F7 (Line Drive, 7)
|
Bottom of the 7th over - 0 run(s), 1 hit(s), 0 error(s), 2 left on base; Waba 3 - Indiana 5 |
TOP OF THE 8TH |
Waba Ducks batting - Pitching for Indiana Hounds : RHP Rob Fields
|
Now in CF: Paco Castillo
|
|
Batting: RHB Mario López
|
0-0: Ball 1-0: Ball 2-0: Ball 3-0: Called Strike 3-1: Fly out, F7 (Flyball, 7S)
|
Batting: RHB Chris Osborn
|
0-0: Ball 1-0: Ball 2-0: Foul Ball, location: 2F 2-1: Ball 3-1: Called Strike 3-2: Reached on error, E6 (Groundball, 6)
|
Pitching: RHP Alvin Heath
|
|
Batting: RHB Paul Spencer
|
0-0: Foul Ball, location: 2F 0-1: Foul Ball, location: 2F 0-2: Ball 1-2: Strikes out swinging
|
Batting: RHB Jeremy Flemming
|
0-0: Ball 1-0: Foul Ball, location: 2F 1-1: Ball 2-1: Foul Ball, location: 2F 2-2: Foul Ball, location: 2F 2-2: Strikes out swinging
|
Top of the 8th over - 0 run(s), 0 hit(s), 1 error(s), 1 left on base; Waba 3 - Indiana 5 |
BOTTOM OF THE 8TH |
Indiana Hounds batting - Pitching for Waba Ducks : RHP Stan Stewart
|
Batting: RHB Domingo Romero
|
0-0: Ball 1-0: Ball 2-0: Called Strike 2-1: Foul Ball, location: 2F 2-2: SINGLE (Flyball, 89S)
|
Batting: LHB Denny Poole
|
0-0: Ball 1-0: Ball 2-0: Foul Ball, location: 2F 2-1: SINGLE (Flyball, 9S) Domingo Romero to second Runner from 2nd tries for 3rd, SAFE, throw made to third
|
Batting: RHB Howard Daniel
|
0-0: Foul Ball, location: 2F 0-1: Swinging Strike 0-2: Ball 1-2: Foul Ball, location: 2F 1-2: Strikes out swinging
|
Batting: RHB Doug Murray
|
0-0: Called Strike 0-1: Foul Ball, location: 2F 0-2: Ball 1-2: Ball 2-2: Strikes out swinging
|
Batting: LHB David Cháves
|
0-0: Ground out 4-3 (Groundball, 34)
|
Bottom of the 8th over - 0 run(s), 2 hit(s), 0 error(s), 2 left on base; Waba 3 - Indiana 5 |
TOP OF THE 9TH |
Waba Ducks batting - Pitching for Indiana Hounds : RHP Alvin Heath
|
Pitching: LHP Pedro Torres
|
|
Now in LF: Carlos Moya
|
|
Batting: RHB Roberto Pagán
|
0-0: Ground out 1-3 (Groundball, 15S)
|
Batting: RHB Ángelo García
|
0-0: Swinging Strike 0-1: Ball 1-1: Called Strike 1-2: SINGLE (Line Drive, 34D)
|
Batting: RHB Shaun Puckett
|
0-0: Called Strike 0-1: Grounds into double play, 6-4-3 (Groundball, 6M)
|
Top of the 9th over - 0 run(s), 1 hit(s), 0 error(s), 0 left on base; Waba 3 - Indiana 5 |
|